 Dungeon Crawl Stone Soup version 0.28.0-43-g3370ac3207 (webtiles) character file.

Game seed: 529420455163752953

67 crimpus the Skirmisher (level 4, 0/49 HPs)
             Began as an Ogre Berserker on Mar 7, 2022.
             Was a Believer of Trog.
             Slain by a gnoll
             ... wielding a +0 mace
              (10 damage)
             ... on level 3 of the Dungeon.
             The game lasted 00:03:05 (2755 turns).

crimpus the Skirmisher (Ogre Berserker)             Turns: 2755, Time: 00:03:06

Health: 0/49       AC:  3    Str: 23    XL:     4   Next: 18%
Magic:  4/4        EV: 10    Int:  8    God:    Trog [**....]
Gold:   103        SH:  0    Dex:  8    Spells: 3/3 levels left

rFire   . . .      SeeInvis .   a - +2 whip (venom)
rCold   . . .      Faith    .   (no shield)
rNeg    . . .      Spirit   .   b - +0 animal skin
rPois   .          Reflect  .   (helmet restricted)
rElec   .          Harm     .   (no cloak)
rCorr   .          Rampage  .   (gloves unavailable)
Will    .....                   (boots unavailable)
Stlth   +.........              (no amulet)
HPRegen 0.16/turn               (no ring)
MPRegen 0.09/turn               (no ring)

@: no status effects
A: large, unfitting armour, tough skin 1, mutation resistance 1
a: Renounce Religion, Berserk, Trog's Hand


You were on level 3 of the Dungeon.
You worshipped Trog.
Trog was pleased with you.
You visited 1 branch of the dungeon, and saw 3 of its levels.

You collected 103 gold pieces.

Inventory:

Hand Weapons
 a - a +2 whip of venom (weapon)
Armour
 b - a +0 animal skin (worn)
Scrolls
 c - a scroll of immolation
 d - a scroll of identify
Potions
 j - a potion of haste


   Skills:
 + Level 4.5 Fighting
 * Level 3.9 Maces & Flails
 + Level 3.1 Dodging


You had 3 spell levels left.
You didn't know any spells.
Your spell library was empty.

Dungeon Overview and Level Annotations

Branches:
Dungeon (3/15)

Altars:

Shops:
D:2 ?


Innate Abilities, Weirdness & Mutations

You are too large for most types of armour.
You have tough skin. (AC +1)
You are somewhat resistant to further mutation.


Message History

The kobold completely misses you.
You closely miss the kobold.
The kobold is moderately wounded.
A nearby plant withers and dies.
You kill the kobold!
Trog accepts your kill.
No target in view!
No target in view!
No target in view!
No target in view!
A gnoll comes into view. It is wielding a +0 spear.
A gnoll comes into view. It is wielding a +0 mace.
There are monsters nearby!
The gnoll shouts! x2; You hear a shout!
You see here a jackal corpse.
The gnoll throws a throwing net.
The throwing net barely misses you.
Things that are here:
a +0 vorpal whip; 5 stones Something hits the plant.
You barely miss the gnoll. The gnoll hits you with a +0 mace.
You closely miss the gnoll. The gnoll hits you with a +0 mace.
You closely miss the gnoll. The gnoll closely misses you.
You barely miss the gnoll. The gnoll hits you with a +0 mace.
You barely miss the gnoll.
A gnoll comes into view. It is wielding a +0 flail.
The gnoll hits you with a +0 mace.
The gnoll shouts!
You hit the gnoll.
The gnoll is poisoned.
The gnoll is moderately wounded.
The gnoll barely misses you. The gnoll closely misses you.
You hit the gnoll but do no damage.
The gnoll looks as sick as possible!
The gnoll is moderately wounded.
The gnoll hits you from afar with a +0 spear.
The gnoll hits you with a +0 mace!
You hit the gnoll but do no damage.
The gnoll looks as sick as possible!
The gnoll is severely wounded.
The gnoll hits you from afar with a +0 spear.
* * * LOW HITPOINT WARNING * * *
The gnoll hits you with a +0 mace!
You die...

............♣
...........P♣
............♣
.......†....P .
#......†††... ...
#.....##....P
....### ##..##
#().P♣
.......#####..#
####...♣
#..@gg.g.####......♣
#######.............
#.#.....#..... ..
#...#####..... #.#
#..## ##..P♣
..######...# #...♣
#.#...##..## #...♣
#.........# #...P
#.......## #....


You could see 3 gnolls.

Vanquished Creatures
  An adder (D:2)
  A worm (D:2)
  4 orcs (D:3)
  7 endoplasms
  A giant cockroach (D:2)
  2 hobgoblins
  6 jackals
  A quokka (D:1)
  7 ball pythons
  A bat (D:1)
  2 frilled lizards
  2 goblins
  5 kobolds
  10 rats
50 creatures vanquished.

Vanquished Creatures (others)
  53 plants (D:3)
53 creatures vanquished.

Grand Total: 103 creatures vanquished

Notes
Turn   | Place    | Note
-------+----------+-------------------------------------------
     0 | D:1      | crimpus the Ogre Berserker began the quest for the Orb.
     0 | D:1      | Reached XP level 1. HP: 24/24 MP: 1/1
   230 | D:1      | Found a faded altar of an unknown god.
   443 | D:1      | Reached XP level 2. HP: 29/32 MP: 2/2
  1327 | D:2      | Reached ** piety under Trog
  1478 | D:2      | Reached XP level 3. HP: 31/40 MP: 3/3
  1663 | D:2      | Found Ykonoreg's Magic Scroll Emporium.
  2440 | D:3      | Reached XP level 4. HP: 49/49 MP: 4/4
  2580 | D:3      | Gained mutation: You are somewhat resistant to further
                  | mutation. [potion of mutation]
  2755 | D:3      | Slain by a gnoll

Illustrated notes

Levels and vault maps discovered:
D:1:      nicolae_arrival_washed_ashore, layout_loops_corners,
          shapermc_ecumenical_altar_ellora
D:2:      minmay_wonky_spiral, layout_basic, serial_glass, glass_columns_a,
          glass_columns_a, serial_shops, nicolae_shop_waterfront,
          minmay_rat_gold_closets
D:3:      layout_rooms, mainiacjoe_overflow_brackets,
          nicolae_concentric_dashed_squares_mild, kennysheep_boxes

Skill      XL: |  1  2 |
---------------+-------+-----
Maces & Flails | 3 |  3.9
Dodging        | 3 |  3.1
Fighting       | |  4.5

Action                   |  1- 3 |  4- 6 || total
-------------------------+-------+-------++-------
Melee: Mace              |   119 |     1 ||   120
       Punch             |     1 |       ||     1
       Whip              |       |    28 ||    28
Invok: Berserk           |     1 |     1 ||     2
  Use: Scroll            |       |     5 ||     5
       Potion            |       |     4 ||     4
 Stab: Sleeping          |     4 |       ||     4
Armor: Animal skin       |    44 |     6 ||    50
Dodge: Dodged            |    56 |    14 ||    70
